 Dungeon Crawl Stone Soup version 0.29-a0-214-g17f627cfee (webtiles) character file.

Game seed: 1614203079076113228

174 spaghetti the Grave Robber (level 5, 0/34 HPs)
             Began as an Octopode Necromancer on Feb 24, 2022.
             Was a Believer of Uskayaw.
             Slain by a phantom (6 damage)
             ... on level 4 of the Dungeon.
             The game lasted 00:06:02 (4059 turns).

spaghetti the Grave Robber (Octopode Necromancer)   Turns: 4059, Time: 00:06:02

Health: 0/34       AC:  1    Str:  8    XL:     5   Next: 54%
Magic:  5/9        EV: 13    Int: 19    God:    Uskayaw [**....]
Gold:   135        SH:  0    Dex: 12    Spells: 5/9 levels left

rFire   . . .      SeeInvis .   n - +0 whip (freeze) {mace}
rCold   . . .      Faith    .   (no shield)
rNeg    + . .      Spirit   .   (helmet restricted)
rPois   .          Reflect  .   i - amulet of magic regeneration {@e2}
rElec   .          Harm     .   p - ring of positive energy
rCorr   .          Rampage  .   (no ring)
Will    .....                   (no ring)
Stlth   ++........              (no ring)
HPRegen 0.11/turn               (no ring)
MPRegen 0.51/turn               (no ring)
                                (no ring)
                                (no ring)

@: silenced, attractive
A: almost no armour, amphibious, 8 rings, camouflage 1, gelatinous body 1,
(nimble swimmer 1), tentacles
a: Renounce Religion


You were on level 4 of the Dungeon.
You worshipped Uskayaw.
Uskayaw was noncommittal.
You visited 1 branch of the dungeon, and saw 4 of its levels.

You collected 135 gold pieces.


Innate Abilities, Weirdness & Mutations

You cannot wear most types of armour.
You are amphibious.
You can wear up to eight rings at the same time.
Your skin changes colour to match your surroundings (Stealth+).
Your rubbery body absorbs attacks. (AC +1, EV +1)
((You are camouflaged when in or above water. (Stealth+)))
You have tentacles for arms and can constrict up to eight enemies at once.


   Skills:
 + Level 2.0 Fighting
 - Level 2.0 Dodging
 - Level 2.6 Stealth
 + Level 2.8 Spellcasting
 + Level 5.7 Necromancy


You had 5 spell levels left.
You knew the following spells:

 Your Spells              Type           Power      Damage    Failure   Level
a - Pain                  Necr           96%        1d8       1%          1
b - Vampiric Draining     Necr           24%        2d7       4%          3

Your spell library contained the following spells:

 Spells                   Type           Power      Damage    Failure   Level
 Animate Skeleton         Necr           48%        N/A       1%          1
 Animate Dead             Necr           12%        N/A       14%         4
 Sandblast                Erth           4%         2d4       16%         1
 Passwall                 Tmut/Erth      1%         N/A       24%         2
 Agony                    Necr           24%        N/A       38%         5
 Stone Arrow              Conj/Erth      4%         3d7       43%         3

Inventory:

Hand Weapons
 b - a +0 dagger {short}
   (You found it on level 1 of the Dungeon)
 n - a +0 whip of freezing (weapon) {mace}
   (You took it off a kobold on level 2 of the Dungeon)
Missiles
 c - 5 poisoned darts {throwing}
 k - 136 stones {throwing}
Armour
 l - an orb of mayhem
   (You found it on level 1 of the Dungeon)
Magical Staves
 m - a staff of poison {!astaff}
   (You found it on level 2 of the Dungeon)
Jewellery
 i - an amulet of magic regeneration (around mantle) {@e2}
   (You found it on level 1 of the Dungeon)
 p - a ring of positive energy (left tentacle)
   (You found it on level 4 of the Dungeon)
Scrolls
 a - a scroll of magic mapping {!r}
 d - a scroll of identify {@r1}
 e - a scroll of blinking {!r}
 g - a scroll of amnesia
 j - a scroll of immolation {!r!r}
 o - a scroll of torment {!r}

Dungeon Overview and Level Annotations

Branches:
Dungeon (4/15)
 Temple: D:4-7

Altars:
Uskayaw

######### #......#
#...#.... #......+
+...+....
#......#+######...#####
#.............#...##..#
#.............#........
#.............+........
#.....W.......#........
##.....@.......###'#####
.......)#'##............
........#..#...........)
........#..#............
........####............
.#####... #############
#... #... +....


You could see a phantom.


Message History

There is an open door here.
You now have 135 gold pieces (gained 12).
A goblin comes into view. It is wielding a +0 dagger.
A goblin is nearby!
You open the door.
An iguana comes into view.
The iguana hisses angrily.
The goblin shouts!
The goblin unwields a +0 dagger.
The goblin wields a +0 hunting sling.
The goblin shoots a sling bullet.
The sling bullet barely misses you.
You closely miss the iguana. You grab the iguana.
You constrict the iguana, but do no damage.
The iguana barely misses you.
A phantom comes into view.
The goblin shoots a sling bullet.
The sling bullet misses you.
You hit the iguana but do no damage. You constrict the iguana.
The iguana bites you. 😕 HP[-6]
You take 6 damage, and now have 28/34 hp.
You hit the iguana but do no damage.
You constrict the iguana, but do no damage.
The iguana bites you!
The goblin shoots a sling bullet.
The sling bullet hits you.
* * * LOW HITPOINT WARNING * * *
You are too injured to fight recklessly! 😨 HP[-11]
You take 11 damage, and now have 17/34 hp.
MASSIVE DAMAGE!! (PAUSE)
Casting: Pain (safe; 1% risk of failure)
Confirm with . or Enter, or press ? or * to list all spells.
Aiming: Vampiric Draining (dangerous; 4% risk of failure)
Press: ? - help, Shift-Dir - straight line, f - iguana
Aim: an iguana (lightly wounded, constricted by you)
You draw life force from the iguana!
You feel life coursing into your body.
You constrict the iguana, but do no damage.
The iguana bites you!
* * * LOW HITPOINT WARNING * * *
The goblin shoots a sling bullet.
The sling bullet closely misses you. 😨 HP[-7] MP[-3]
You take 7 damage, and now have 10/34 hp.
MASSIVE DAMAGE!! (PAUSE)
You lost 3 mp, and now have 6/9 mp.
Casting: Vampiric Draining (dangerous; 4% risk of failure)
Confirm with . or Enter, or press ? or * to list all spells.
Aiming: Vampiric Draining (dangerous; 4% risk of failure)
Press: ? - help, Shift-Dir - straight line, f/p - iguana
Aim: an iguana (heavily wounded, constricted by you)
You draw life force from the iguana.
You feel life coursing into your body.
You constrict the iguana. The iguana misses you.
You can now pass through a line of other dancers. 😨 HP[+2] MP[-2]
You regained 2 hp, and now have 12/34 hp.
You lost 2 mp, and now have 4/9 mp.
Casting: Vampiric Draining (dangerous; 4% risk of failure)
Confirm with . or Enter, or press ? or * to list all spells.
Aiming: Vampiric Draining (dangerous; 4% risk of failure)
Press: ? - help, Shift-Dir - straight line, f/p - iguana
Aim: an iguana (almost dead, constricted by you)
You draw life force from the iguana.
You kill the iguana!
You feel life coursing into your body.
The goblin unwields a +0 hunting sling.
The goblin wields a +0 dagger.
The goblin closely misses you.
Your Fighting skill increases to level 2! 😨 HP[+1] MP[-3]
You lost 3 mp, and now have 1/9 mp.
You closely miss the goblin. Your grab misses the goblin.
You tentacle-slap the goblin, but do no damage. 😨 MP[+1]
You aren't carrying any items that you can evoke.
Unknown command.
It was a potion of attraction.
You feel attractive to monsters.
As you read the scroll labelled EXZAHECEMIMP, it crumbles to dust.
A profound silence engulfs you.
It was a scroll of silence.
The goblin hits you with a +0 dagger.
* * * LOW HITPOINT WARNING * * *
The phantom hits you.
* * * LOW HITPOINT WARNING * * *
The phantom blinks!
You blink.
The goblin is attracted toward you. 😱 HP[-6] MP[+1]
You take 6 damage, and now have 7/34 hp.
You aren't carrying any potions.
Unknown command.
Magic scrolls do not work when you're silenced!
You closely miss the goblin. Your grab misses the goblin.
The goblin closely misses you. The phantom hits you.
* * * LOW HITPOINT WARNING * * *
😱 HP[-2]
You take 2 damage, and now have 5/34 hp.
You hit the goblin. You freeze the goblin. You grab the goblin.
You constrict the goblin.
You kill the goblin!
The phantom closely misses you. 😱 MP[+1]
You hit the phantom. Your squeeze misses the phantom.
The phantom closely misses you.
You barely miss the phantom. Your squeeze misses the phantom.
The phantom hits you.
You die...

Skill      XL: |  1  2  3  4  5 |
---------------+----------------+-----
Necromancy     | 5 |  5.7
Fighting       | 1 2 |  2.0
Dodging        | |  2.0
Stealth        | |  2.6
Spellcasting   | |  2.8

Action                   |  1- 3 |  4- 6 || total
-------------------------+-------+-------++-------
Melee: Unarmed           |    12 |       ||    12
       Dagger            |    58 |       ||    58
       Constrict         |    19 |    12 ||    31
       Tentacles         |    19 |     9 ||    28
       Whip              |    52 |    53 ||   105
       Punch             |     1 |     1 ||     2
 Cast: Vampiric Draining |     2 |     3 ||     5
       Pain              |       |     5 ||     5
  Use: Potion            |     3 |     3 ||     6
       Scroll            |     8 |     4 ||    12
 Stab: Sleeping          |    15 |     3 ||    18
Armor: Skin              |    29 |    10 ||    39
Dodge: Dodged            |    75 |    32 ||   107

Levels and vault maps discovered:
D:1:      minmay_arrival_widening_spiral_wide, layout_loops_ring
D:2:      minmay_diamond_boxcup, layout_basic
D:3:      layout_loops_ring, shapermc_ecumenical_altar_acropolis,
          wander_ebering_terrifying_dragon_lair
D:4:      gammafunk_cloud_chamber, layout_gridville, minmay_distorted

Notes
Turn   | Place    | Note
-------+----------+-------------------------------------------
     0 | D:1      | spaghetti the Octopode Necromancer began the quest for the
                  | Orb.
     0 | D:1      | Reached XP level 1. HP: 11/11 MP: 3/3
     0 | D:1      | magus.rc [v1.9.6]
   101 | D:1      | HP: 2/11 [hobgoblin (3)]
   500 | D:1      | Reached XP level 2. HP: 17/17 MP: 5/5
   666 | D:1      | HP: 4/17 [goblin/+0 dagger (4)]
   928 | D:1      | HP: 4/17 [frozen (3)]
  1663 | D:1      | Reached XP level 3. HP: 21/21 MP: 6/6
  1847 | D:2      | Reached skill level 5 in Necromancy
  2170 | D:2      | You pick up a book of Geomancy and begin reading...
  2170 | D:2      | You add the spells Sandblast, Passwall and Stone Arrow to
                  | your library.
  2374 | D:2      | Learned a level 3 spell: Vampiric Draining
  2613 | D:3      | Reached XP level 4. HP: 27/27 MP: 1/7
  2815 | D:3      | Reached skill level 1 in Fighting
  3062 | D:3      | Found a faded altar of an unknown god.
  3137 | D:3      | Prayed at the altar of an unknown god.
  3137 | D:3      | Became a worshipper of Uskayaw the Reveller
  3137 | D:3      | Reached * piety under Uskayaw
  3504 | D:3      | Reached ** piety under Uskayaw
  3508 | D:3      | HP: 2/28 [something/puff of flame (6)]
  3808 | D:4      | Reached XP level 5. HP: 29/33 MP: 8/8
  4047 | D:4      | Noticed a phantom
  4053 | D:4      | Reached skill level 2 in Fighting
  4055 | D:4      | HP: 7/34 [phantom (5)]
  4059 | D:4      | Slain by a phantom

Vanquished Creatures
  A bullfrog zombie (D:3)
  An iguana (D:4)
  A centaur skeleton (D:4)
  2 adders (D:3)
  2 dart slugs
  An orc (D:3)
  5 endoplasms
  6 giant cockroaches
  4 goblins
  5 hobgoblins
  2 jackals (D:1)
  7 ball pythons
  10 bats
  5 frilled lizards
  7 kobolds
  6 rats
65 creatures vanquished.

Table legend:
 A = Non-vault XP
 B = Vault XP
 C = Vault XP percentage of total XP
 D = Non-vault monster count
 E = Vault monster count
 F = Vault count percentage of total count
                 A         B        C        D         E       F
            +---------+---------+-------+---------+---------+-------
      Total |     230 |      19 |   7.6 |      55 |      10 |  15.4
            +---------+---------+-------+---------+---------+-------
        D:1 |      37 |       0 |   0.0 |      22 |       0 |   0.0
        D:2 |      13 |      18 |  58.1 |      10 |       9 |  47.4
        D:3 |      95 |       1 |   1.0 |      18 |       1 |   5.3
        D:4 |      85 |       0 |   0.0 |       5 |       0 |   0.0
            +---------+---------+-------+---------+---------+-------

Illustrated notes

Table legend:
 A = Kills in this place as a percentage of kills in entire the game.
 B = Kills by you in this place as a percentage of kills by you in the entire game.
 C = Kills by friends in this place as a percentage of kills by friends in the entire game.
 D = Other kills in this place as a percentage of other kills in the entire game.
 E = Experience gained in this place as a percentage of experience gained in the entire game.
 F = Experience gained in this place divided by the number of levels of this place that you have seen.
                   A       B       C       D       E      F
               +-------+-------+-------+-------+-------+----------------------
         Total | 100.0 | 100.0 |   N/A |   N/A | 100.0 |  62.2
       Dungeon | 100.0 | 100.0 |   N/A |   N/A | 100.0 |  62.2
               +-------+-------+-------+-------+-------+----------------------

Table legend: (Time is in decaauts)
 A = Elapsed time spent in this place.
 B = Non-inter-level travel time spent in this place.
 C = Inter-level travel time spent in this place.
 D = Time resting spent in this place.
 E = Time spent auto-exploring this place.
 F = Levels seen in this place.
 G = Mean time per level.
                   A        B        C        D        E       F      G
               +--------+--------+--------+--------+--------+-----+--------+
         Total |   4067 |   3948 |    119 |   1071 |   2337 |   4 | 1016.8 |
       Dungeon |   4067 |   3948 |    119 |   1071 |   2337 |   4 | 1016.8 |
               +--------+--------+--------+--------+--------+-----+--------+

Top non-repeatable levels by time:
     D:1: 1779 daAuts
     D:3: 1293 daAuts
     D:2: 736 daAuts
     D:4: 257 daAuts
